[Event "XII Cracow ICC-B 2024"]
[Site "Krakow"]
[Date "2024.06.28"]
[Round "8.1"]
[White "Kaim, Piotr"]
[Black "Gbyl, Andrzej"]
[Result "1/2-1/2"]
[ECO "A08"]
[WhiteElo "2094"]
[BlackElo "2152"]
[Annotator "RC"]
[PlyCount "33"]
[EventDate "2024.06.20"]
[EventType "swiss"]
[EventCountry "POL"]
[SourceTitle "playchess.com"]
[Source "ChessBase"]
[SourceQuality "1"]
[TimeControl "40/5400+30:1800+30"]

1. g3 d5 2. Bg2 Nf6 3. Nf3 e6 4. O-O Be7 5. d3 c5 6. Nbd2 Nc6 7. e4 O-O 8. Re1 b5 9. e5 Nd7 10. Nf1 a5 11. h4 h6 12. Bf4 Re8 13. c3 Ba6 14. Ne3 Nb6 15. Rc1 Rc8 16. Ng4 Bf8 17. Qd2 1/2-1/2

[Event "XII Cracow ICC-B 2024"]
[Site "Krakow"]
[Date "2024.06.28"]
[Round "8.2"]
[White "Mirowski, Przemyslaw"]
[Black "Botez, Andrea"]
[Result "0-1"]
[ECO "E62"]
[WhiteElo "1729"]
[BlackElo "1906"]
[Annotator "RC"]
[PlyCount "71"]
[EventDate "2024.06.20"]
[EventType "swiss"]
[EventCountry "POL"]
[SourceTitle "playchess.com"]
[Source "ChessBase"]
[SourceQuality "1"]
[TimeControl "40/5400+30:1800+30"]

1. d4 Nf6 2. c4 g6 3. g3 Bg7 4. Bg2 O-O 5. Nc3 d6 6. Nf3 Nc6 7. O-O e5 8. d5 Nb8 9. e4 a5 10. h3 Na6 11. Be3 Nd7 12. a3 Nb6 13. Nd2 f5 14. exf5 gxf5 15. Qh5 Qf6 16. Kh2 Bd7 17. Bxb6 cxb6 18. Qe2 Rae8 19. Rab1 e4 20. Rfc1 Nc5 21. b4 Nd3 22. Rc2 a4 23. b5 Nc5 24. Rb4 Ra8 25. f3 Qg6 26. f4 Bd4 27. Nf1 Qg7 28. Nd1 Nb3 29. Nfe3 Bc5 30. Qe1 h5 31. h4 Kh7 32. Nb2 Nd4 33. Rf2 Rg8 34. Nf1 Bxb4 35. Qxb4 e3 36. Nxe3 0-1

[Event "XII Cracow ICC-B 2024"]
[Site "Krakow"]
[Date "2024.06.28"]
[Round "8.3"]
[White "Wnek, Filip"]
[Black "Padalka, Artem"]
[Result "1/2-1/2"]
[ECO "B77"]
[WhiteElo "2019"]
[BlackElo "2177"]
[Annotator "RC"]
[PlyCount "172"]
[EventDate "2024.06.20"]
[EventType "swiss"]
[EventCountry "POL"]
[SourceTitle "playchess.com"]
[Source "ChessBase"]
[SourceQuality "1"]
[TimeControl "40/5400+30:1800+30"]

1. e4 c5 2. Nf3 d6 3. d4 cxd4 4. Nxd4 Nf6 5. Nc3 g6 6. Be3 Bg7 7. f3 Nc6 8. Bc4 O-O 9. Qd2 Ne5 10. Bb3 Bd7 11. O-O-O Rc8 12. Kb1 a6 13. g4 b5 14. g5 Nh5 15. Nce2 a5 16. a3 b4 17. a4 Qe8 18. Ng3 Nc4 19. Qe2 Nxe3 20. Qxe3 Bxa4 21. Nxh5 Bxd4 22. Rxd4 gxh5 23. Rg1 Bxb3 24. Qxb3 Kh8 25. Rd5 Qc6 26. Rg2 Qa6 27. Rg1 Rc7 28. Rf5 Kg7 29. f4 Qe2 30. Rxa5 Qxe4 31. f5 Rfc8 32. Rc1 f6 33. gxf6+ Kxf6 34. Qe6+ Qxe6 35. fxe6 Rc5 36. Ra7 Kxe6 37. Re1+ Re5 38. Rxe5+ dxe5 39. Ra6+ Kf5 40. Rh6 Kg4 41. Re6 Rc5 42. Rxe7 Kf3 43. Kc1 Ke2 44. b3 Rd5 45. c3 Kd3 46. cxb4 e4 47. Kd1 h6 48. Re6 Rb5 49. Rd6+ Ke3 50. Rxh6 Kf2 51. Rf6+ Kg2 52. Rf4 Rxb4 53. Ke2 Rxb3 54. h4 Rh3 55. Rxe4 Rh2 56. Ke3 Kg3 57. Rb4 Rh1 58. Ke2 Ra1 59. Rc4 Ra8 60. Re4 Rf8 61. Ke3 Rg8 62. Ke2 Kh3 63. Kf2 Rg2+ 64. Kf1 Rg6 65. Kf2 Rf6+ 66. Ke3 Kg3 67. Ke2 Rf5 68. Ke3 Rf1 69. Ke2 Rh1 70. Rc4 Rg1 71. Rd4 Ra1 72. Rc4 Ra3 73. Rb4 Ra7 74. Ke3 Re7+ 75. Re4 Rg7 76. Rb4 Rg8 77. Rc4 Kh3 78. Kf3 Rg4 79. Rf4 Kxh4 80. Rxg4+ hxg4+ 81. Kg2 g3 82. Kg1 Kg5 83. Kg2 Kg4 84. Kg1 Kf3 85. Kf1 g2+ 86. Kg1 Kg3 1/2-1/2

[Event "XII Cracow ICC-B 2024"]
[Site "Krakow"]
[Date "2024.06.28"]
[Round "8.4"]
[White "Wieczorek, Lech"]
[Black "Botez, Alexandra"]
[Result "1-0"]
[ECO "E81"]
[WhiteElo "1775"]
[BlackElo "2011"]
[Annotator "RC"]
[PlyCount "112"]
[EventDate "2024.06.20"]
[EventType "swiss"]
[EventCountry "POL"]
[SourceTitle "playchess.com"]
[Source "ChessBase"]
[SourceQuality "1"]
[TimeControl "40/5400+30:1800+30"]

1. d4 Nf6 2. c4 g6 3. Nc3 Bg7 4. e4 d6 5. f3 O-O 6. Be3 Na6 7. Qd2 Nd7 8. Nge2 c5 9. Rd1 Nb6 10. b3 Bd7 11. dxc5 Nxc5 12. Bd4 a5 13. Bxg7 Kxg7 14. h4 h6 15. Nf4 Be6 16. Be2 Nbd7 17. Nfd5 Ne5 18. f4 Nc6 19. h5 Rh8 20. O-O Nb8 21. Qd4+ f6 22. hxg6 Bxd5 23. Qxd5 Qg8 24. Bh5 Nc6 25. e5 Qxd5 26. exf6+ Kxf6 27. Nxd5+ Kg7 28. Rde1 Rae8 29. Re3 Rhf8 30. g3 e6 31. Nc7 Re7 32. Nb5 Rd8 33. Rfe1 Kf6 34. Bf3 Nb4 35. R1e2 Kxg6 36. a3 Nba6 37. Nd4 Kf6 38. Kg2 Rg8 39. Nc2 e5 40. Bd5 Rge8 41. b4 axb4 42. axb4 Na4 43. fxe5+ dxe5 44. Ra3 Nb6 45. Bxb7 Nxb4 46. Nxb4 Rxb7 47. c5 Nc4 48. Ra6+ Kg5 49. Nd5 Rb3 50. Ra4 Rd8 51. Rxc4 Rxd5 52. c6 Rb8 53. c7 Rc8 54. Rb2 Rd7 55. Rbc2 Rf7 56. Rc5 Kg6 1-0

[Event "XII Cracow ICC-B 2024"]
[Site "Krakow"]
[Date "2024.06.28"]
[Round "8.5"]
[White "Pietrzak, Tomasz"]
[Black "Mytych, Rafal"]
[Result "1-0"]
[ECO "E70"]
[WhiteElo "1918"]
[BlackElo "1878"]
[Annotator "NA RC"]
[PlyCount "97"]
[EventDate "2024.06.20"]
[EventType "swiss"]
[EventCountry "POL"]
[SourceTitle "playchess.com"]
[Source "ChessBase"]
[SourceQuality "1"]
[TimeControl "40/5400+30:1800+30"]

1. d4 Nf6 2. c4 g6 3. Nc3 Bg7 4. e4 d6 5. h4 c5 6. d5 e6 7. Be2 exd5 8. exd5 h5 9. Bf4 O-O 10. Kf1 Re8 11. f3 a6 12. a4 Qe7 13. Qd2 Nbd7 14. Nh3 Ne5 15. Nf2 b6 16. g3 Qd8 17. Kg2 Bf5 18. Rae1 Ra7 19. b3 Kh7 20. Bd1 Ra8 21. Bxe5 Rxe5 22. Rxe5 dxe5 23. g4 Bd7 24. Nce4 Nxe4 25. Nxe4 hxg4 26. fxg4 f5 27. Ng5+ Kg8 28. gxf5 gxf5 29. Bf3 e4 30. Bh5 Qf6 31. Bf7+ Kh8 32. Be6 Bxe6 33. dxe6 f4 34. Qd5 f3+ 35. Kh3 Ra7 36. Qxe4 Bh6 37. Nf7+ Rxf7 38. exf7 Qxf7 39. Rf1 f2 40. Kg2 Qg8+ 41. Kxf2 Bg7 42. Qf5 Bd4+ 43. Kf3 Qa8+ 44. Kg3 Qb8+ 45. Kh3 Bg7 46. Qh5+ Kg8 47. Qf7+ Kh8 48. Rg1 a5 49. Qxg7# 1-0

[Event "XII Cracow ICC-B 2024"]
[Site "Krakow"]
[Date "2024.06.28"]
[Round "8.6"]
[White "Skomial, Mateusz"]
[Black "Borowiec, Kamil"]
[Result "1-0"]
[ECO "B40"]
[WhiteElo "2083"]
[BlackElo "1835"]
[Annotator "RC"]
[PlyCount "91"]
[EventDate "2024.06.20"]
[EventType "swiss"]
[EventCountry "POL"]
[SourceTitle "playchess.com"]
[Source "ChessBase"]
[SourceQuality "1"]
[TimeControl "40/5400+30:1800+30"]

1. e4 c5 2. Nf3 e6 3. c4 Nc6 4. Nc3 Nd4 5. d3 Ne7 6. g3 Nec6 7. Bg2 Be7 8. O-O Rb8 9. Nb5 a6 10. Nbxd4 cxd4 11. Bf4 d6 12. e5 O-O 13. Re1 b5 14. Rc1 b4 15. exd6 Bxd6 16. Bxd6 Qxd6 17. c5 Qc7 18. Ng5 Rb5 19. Qh5 h6 20. Ne4 Ra5 21. g4 f5 22. gxf5 Rxf5 23. Qe2 Bd7 24. Bh3 Rf4 25. Nd6 e5 26. Bg2 Bg4 27. Qc2 Qd7 28. Re4 Bh3 29. Rxf4 exf4 30. Qc4+ Kh8 31. Qd5 Ne7 32. Qa8+ Kh7 33. Qe4+ Kg8 34. Qxf4 Bxg2 35. Kxg2 Nc6 36. Qe4 Qd8 37. h4 Qd7 38. f3 Kh8 39. Qd5 Qe7 40. Qxc6 Qe2+ 41. Kh1 Rxa2 42. Qa8+ Kh7 43. Qe4+ Qxe4 44. Nxe4 Rxb2 45. c6 b3 46. c7 1-0

[Event "XII Cracow ICC-B 2024"]
[Site "Krakow"]
[Date "2024.06.28"]
[Round "8.7"]
[White "Wnuk, Piotr"]
[Black "Zieba, Hubert"]
[Result "0-1"]
[ECO "A09"]
[WhiteElo "1823"]
[BlackElo "2012"]
[Annotator "RC"]
[PlyCount "96"]
[EventDate "2024.06.20"]
[EventType "swiss"]
[EventCountry "POL"]
[SourceTitle "playchess.com"]
[Source "ChessBase"]
[SourceQuality "1"]
[TimeControl "40/5400+30:1800+30"]

1. Nf3 d5 2. c4 c6 3. e3 Nf6 4. Nc3 Bf5 5. cxd5 cxd5 6. Qb3 Bc8 7. Bb5+ Nc6 8. e4 e6 9. exd5 exd5 10. d4 a6 11. Bd3 Be7 12. O-O O-O 13. Be3 h6 14. Rac1 Be6 15. Bb1 Na5 16. Qc2 Rc8 17. Ne5 b5 18. a3 Nc4 19. Nxc4 Rxc4 20. Qd3 Qc7 21. Ne2 Rc8 22. Rcd1 Bd6 23. g3 Re8 24. Nf4 b4 25. axb4 Qb6 26. Nxe6 Rxe6 27. Rc1 Rxb4 28. Rc8+ Bf8 29. Qf5 Rxb2 30. Bd3 a5 31. Ra1 Qb4 32. Bc2 Qb7 33. Rc3 Bb4 34. Rb3 Rxb3 35. Bxb3 Bc3 36. Rb1 Rb6 37. Qc2 a4 38. Qxc3 Rxb3 39. Rxb3 axb3 40. Bc1 Ne4 41. Qb2 Nd6 42. Qe2 Nc4 43. Qe8+ Kh7 44. Qd8 b2 45. Bxb2 Nxb2 46. h4 Nc4 47. h5 Qb1+ 48. Kh2 Qf5 0-1